 Dungeon Crawl Stone Soup version 0.21.1-1-g345015fe64 (webtiles) character file.

4904 Kejsarherre the Insei (level 10, 0/79 HPs)
             Began as a Gnoll Wanderer on May 3, 2018.
             Was a Believer of Cheibriados.
             Succumbed to Snarbu88's ghost's poison
             ... on level 8 of the Dungeon.
             The game lasted 00:29:55 (10611 turns).

Kejsarherre the Insei (Gnoll Wanderer)             Turns: 10611, Time: 00:29:56

Health: 0/79       AC:  7    Str: 25    XL:     10   Next: 51%
Magic:  15/19      EV: 21    Int: 27    God:    Cheibriados [**....]
Gold:   416        SH:  0    Dex: 28    Spells: 21/21 levels left

rFire    . . .     SeeInvis .   D - +2 whip (freeze)
rCold    . . .     Gourm    +   (no shield)
rNeg     . . .     Faith    .   k - +0 scale mail
rPois    .         Spirit   .   (no helmet)
rElec    .         Reflect  .   (no cloak)
rCorr    .         Harm     .   (no gloves)
MR       .....                  (no boots)
Stlth    ++++......             j - amulet of the gourmand
HPRegen  0.23/turn              (no ring)
MPRegen  0.16/turn              (no ring)

@: mighty, brilliant, agile, lethally poisoned (0 -> -32), very slow
A: distributed training, fangs 1, strong nose
a: Bend Time, Renounce Religion


You were on level 8 of the Dungeon.
You worshipped Cheibriados.
Cheibriados was pleased with you.
You were full.

You visited 2 branches of the dungeon, and saw 9 of its levels.
You also visited: Sewer.

You collected 416 gold pieces.

Inventory:

Hand Weapons
 a - a +2 battleaxe of freezing
 b - a +0 shortbow
 C - a +0 whip of venom
 D - a +2 whip of freezing (weapon)
Missiles
 c - 254 stones (quivered)
 n - 62 arrows
 r - 32 sling bullets
 B - 22 bolts
Armour
 e - a +0 robe
 k - a +0 scale mail (worn)
Jewellery
 j - an amulet of the gourmand (around neck)
 y - a cursed -2 ring of strength {unknown}
Wands
 o - a wand of enslavement (14)
 v - a wand of acid (5)
Scrolls
 d - 8 scrolls of teleportation
 h - 7 scrolls of identify {unknown}
 i - 4 scrolls of blinking {unknown}
 l - 5 scrolls of fog {unknown}
 m - 4 scrolls of magic mapping {unknown}
 p - 2 scrolls of enchant armour {unknown}
 t - a scroll of fear {unknown}
 u - 2 scrolls of remove curse
 x - 3 scrolls of amnesia {unknown}
 E - 2 scrolls of torment {unknown}
Potions
 g - a potion of haste
 q - a potion of brilliance
 s - 3 potions of degeneration
Comestibles
 f - 9 rations


   Skills:
 + Level 7.0 Fighting
 + Level 5.2 Short Blades
 + Level 5.2 Long Blades
 + Level 5.2 Axes
 + Level 5.2 Maces & Flails
 + Level 5.2 Polearms
 + Level 5.2 Staves
 + Level 5.2 Slings
 + Level 5.2 Bows
 + Level 5.2 Crossbows
 + Level 5.2 Throwing
 + Level 5.2 Armour
 + Level 5.9 Dodging
 + Level 5.8 Stealth
 + Level 5.9 Shields
 + Level 7.0 Unarmed Combat
 + Level 6.0 Spellcasting
 + Level 4.3 Conjurations
 + Level 4.9 Hexes
 + Level 4.9 Charms
 + Level 4.3 Summonings
 + Level 4.3 Necromancy
 + Level 4.3 Translocations
 + Level 4.3 Transmutations
 + Level 4.3 Fire Magic
 + Level 4.3 Ice Magic
 + Level 4.3 Air Magic
 + Level 4.3 Earth Magic
 + Level 4.3 Poison Magic
 + Level 5.8 Invocations
 + Level 5.2 Evocations


You had 21 spell levels left.
You didn't know any spells.

Dungeon Overview and Level Annotations

Branches:
Dungeon (8/15)             Temple (1/1) D:5
   Lair: D:8-11

Altars:
Cheibriados
Gozag
Kikubaaqudgha
Nemelex Xobeh
Okawaru
Qazlal
Ru
Sif Muna
Trog
Vehumet
Wu Jian

Shops:
D:7 (

Annotations:
D:8 Snarbu88's ghost, journeyman MiFi


Innate Abilities, Weirdness & Mutations

Your experience applies equally to all skills.
You have very sharp teeth.
Your uncanny sense of smell can sniff out nearby items.


Message History

Unknown command.
Unknown command.
Unknown command.
You warp the flow of time around you!
You feel somewhat less full.
You can no longer warp the flow of time around you.
A two-headed ogre comes into view.
It is wielding a giant club and a giant spiked club.
* * * LOW HITPOINT WARNING * * *
You feel sick.
The freed slave barely misses Snarbu88's ghost.
Snarbu88's ghost says, "I was once a great warrior, and I still am!"
Snarbu88's ghost barely misses the freed slave.
* * * LOW HITPOINT WARNING * * *
You feel very sick.
The two-headed ogre shouts in stereo!
The centaur zombie completely misses you.
The freed slave hits Snarbu88's ghost.
Snarbu88's ghost hits the freed slave but does no damage.
The freed slave looks as sick as possible!
Unknown command.
You die...

# #.# #. ... #.
#.# #.. #O####
.## ##.###....#
... .........##..
#.. #.Z.(......
#..#####..@W..#
###.........##p.#
........###.# .#
....###.# #.# #
## #.# ... ∆ #<#
..## #.##..#
#p##p.. ∆ #.# ##


You could see a two-headed ogre, Snarbu88's ghost, a centaur zombie and 2
neutral freed slaves.

Vanquished Creatures
  Pikel (D:7)
  The ghost of oberejnoburuli the Transmogrifier, a novice MfTm of Sif Muna (D:5)
  Grinder (D:3)
  A yak (D:7)
  An orc warrior (D:7)
  2 ice beasts
  A phantom (D:4)
  3 sky beasts
  7 ogres
  3 centaurs
  7 big kobolds
  Blork the orc (D:4)
  A wyvern zombie (D:6)
  3 bullfrogs
  2 scorpions
  A water moccasin skeleton (D:6)
  3 wights (D:6)
  3 howler monkeys
  3 crimson imps
  5 orc priests
  3 bullfrog skeletons
  A gnoll shaman (D:5)
  4 hounds
  2 jellies
  2 orc wizards
  A centaur skeleton (D:7)
  Terence (D:2)
  An iguana (D:6)
  2 worker ants
  2 howler monkey zombies (D:5)
  12 gnolls
  5 adders
  6 river rats
  2 shadow imps
  3 oozes (Sewer)
  5 worms
  3 dart slugs
  4 leopard geckos
  22 orcs
  6 ball pythons
  6 bats
  2 giant cockroaches
  3 goblins
  4 hobgoblins
  4 jackals (D:6)
  3 quokkas
  A ball python skeleton (D:4)
  5 frilled lizards
  13 kobolds
  2 leopard gecko skeletons (D:4)
  2 quokka skeletons
  A quokka zombie (D:6)
  10 rats
193 creatures vanquished.

Vanquished Creatures (others)
  A scorpion (D:8)
  2 orc wizards (D:8)
  A giant cockroach (D:8)
  A plant (D:1)
5 creatures vanquished.

Grand Total: 198 creatures vanquished

Notes
Turn   | Place    | Note
-------+----------+-------------------------------------------
     0 | D:1      | Kejsarherre the Gnoll Wanderer began the quest for the Orb.
     0 | D:1      | Kejsarherre set off with: a +2 dagger, a potion of berserk rage, a potion of lignification, a scroll of teleportation, a +0 robe, a ration
     0 | D:1      | Reached XP level 1. HP: 20/20 MP: 4/4
    92 | D:1      | Reached XP level 2. HP: 8/26 MP: 5/5
  1554 | D:2      | Reached XP level 3. HP: 15/31 MP: 7/7
  1679 | D:2      | Noticed Terence
  1704 | D:2      | Killed Terence
  1704 | D:2      | Reached skill level 1 in Short Blades
  1704 | D:2      | Reached skill level 1 in Long Blades
  1704 | D:2      | Reached skill level 1 in Axes
  1704 | D:2      | Reached skill level 1 in Maces & Flails
  1704 | D:2      | Reached skill level 1 in Polearms
  1704 | D:2      | Reached skill level 1 in Staves
  1704 | D:2      | Reached skill level 1 in Slings
  1704 | D:2      | Reached skill level 1 in Bows
  1704 | D:2      | Reached skill level 1 in Crossbows
  1704 | D:2      | Reached skill level 1 in Throwing
  1704 | D:2      | Reached skill level 1 in Armour
  1704 | D:2      | Reached skill level 1 in Invocations
  1704 | D:2      | Reached skill level 1 in Evocations
  2009 | D:2      | Reached XP level 4. HP: 37/38 MP: 8/8
  2743 | D:2      | Found an opulent altar of Gozag.
  2847 | D:2      | Reached skill level 1 in Conjurations
  2847 | D:2      | Reached skill level 1 in Summonings
  2847 | D:2      | Reached skill level 1 in Necromancy
  2847 | D:2      | Reached skill level 1 in Translocations
  2847 | D:2      | Reached skill level 1 in Transmutations
  2847 | D:2      | Reached skill level 1 in Fire Magic
  2847 | D:2      | Reached skill level 1 in Ice Magic
  2847 | D:2      | Reached skill level 1 in Air Magic
  2847 | D:2      | Reached skill level 1 in Earth Magic
  2847 | D:2      | Reached skill level 1 in Poison Magic
  3106 | D:3      | Found a glowing drain.
  3130 | D:3      | Reached XP level 5. HP: 22/43 MP: 9/9
  3281 | Sewer    | Entered a sewer
  3301 | Sewer    | Noticed a big kobold
  3316 | Sewer    | Killed a big kobold
  3417 | Sewer    | Noticed a big kobold
  3445 | Sewer    | Killed a big kobold
  3445 | Sewer    | Reached XP level 6. HP: 38/50 MP: 9/11
  3504 | Sewer    | Reached skill level 5 in Fighting
  3504 | Sewer    | Reached skill level 5 in Unarmed Combat
  3621 | Sewer    | Reached XP level 7. HP: 45/56 MP: 12/12
  4241 | D:3      | Noticed Grinder
  4266 | D:3      | Killed Grinder
  4553 | D:3      | Reached XP level 8. HP: 63/63 MP: 14/14
  5788 | D:5      | Entered Level 5 of the Dungeon
  6369 | D:5      | Noticed Blork the orc
  6613 | D:4      | Killed Blork the orc
  6613 | D:4      | Reached XP level 9. HP: 35/69 MP: 16/16
  6965 | D:5      | Found a staircase to the Ecumenical Temple.
  6996 | Temple   | Entered the Ecumenical Temple
  7008 | Temple   | Became a worshipper of Cheibriados the Contemplative
  7145 | D:5      | Noticed oberejnoburuli's ghost (novice MfTm)
  7158 | D:5      | Killed oberejnoburuli's ghost
  7158 | D:5      | Reached skill level 5 in Dodging
  7158 | D:5      | Reached skill level 5 in Shields
  7158 | D:5      | Reached skill level 5 in Spellcasting
  7511 | D:5      | Found an ancient bone altar of Kikubaaqudgha.
  7625 | D:5      | Found a radiant altar of Vehumet.
  7751 | D:6      | Reached * piety under Cheibriados
  7826 | D:6      | Reached skill level 5 in Stealth
  8234 | D:6      | Reached skill level 5 in Invocations
  8555 | D:6      | Reached ** piety under Cheibriados
  8557 | D:6      | Reached XP level 10. HP: 44/77 MP: 18/18
  8784 | D:6      | Found a bloodstained altar of Trog.
  9193 | D:7      | Reached skill level 5 in Short Blades
  9193 | D:7      | Reached skill level 5 in Long Blades
  9193 | D:7      | Reached skill level 5 in Axes
  9193 | D:7      | Reached skill level 5 in Maces & Flails
  9193 | D:7      | Reached skill level 5 in Polearms
  9193 | D:7      | Reached skill level 5 in Staves
  9193 | D:7      | Reached skill level 5 in Slings
  9193 | D:7      | Reached skill level 5 in Bows
  9193 | D:7      | Reached skill level 5 in Crossbows
  9193 | D:7      | Reached skill level 5 in Throwing
  9193 | D:7      | Reached skill level 5 in Armour
  9193 | D:7      | Reached skill level 5 in Evocations
 10003 | D:7      | Found Ucsassar's Weapon Shop.
 10130 | D:7      | Found a sacrificial altar of Ru.
 10237 | D:7      | Found an iron altar of Okawaru.
 10464 | D:8      | Noticed Pikel
 10484 | D:7      | Killed Pikel
 10569 | D:8      | Reached *** piety under Cheibriados
 10579 | D:8      | Noticed Snarbu88's ghost (journeyman MiFi)
 10609 | D:8      | Noticed a two-headed ogre
 10610 | D:8      | HP: 2/79 [poisoned by Snarbu88's ghost]
 10611 | D:8      | Succumbed to Snarbu88's ghost's poison

Skill      XL: |  1  2  3  4  5  6  7  8  9 10 |
---------------+-------------------------------+-----
Hexes          | 2 3 4 |  4.9
Charms         | 2 3 4 |  4.9
Short Blades   | 1 2 3 4 5 |  5.2
Long Blades    | 1 2 3 4 5 |  5.2
Axes           | 1 2 3 4 5 |  5.2
Maces & Flails | 1 2 3 4 5 |  5.2
Polearms       | 1 2 3 4 5 |  5.2
Staves         | 1 2 3 4 5 |  5.2
Slings         | 1 2 3 4 5 |  5.2
Bows           | 1 2 3 4 5 |  5.2
Crossbows      | 1 2 3 4 5 |  5.2
Throwing       | 1 2 3 4 5 |  5.2
Armour         | 1 2 3 4 5 |  5.2
Invocations    | 1 2 3 4 5 |  5.8
Evocations     | 1 2 3 4 5 |  5.2
Spellcasting   | 3 4 5 6 |  6.0
Conjurations   | 1 2 3 4 |  4.3
Summonings     | 1 2 3 4 |  4.3
Necromancy     | 1 2 3 4 |  4.3
Translocations | 1 2 3 4 |  4.3
Transmutations | 1 2 3 4 |  4.3
Fire Magic     | 1 2 3 4 |  4.3
Ice Magic      | 1 2 3 4 |  4.3
Air Magic      | 1 2 3 4 |  4.3
Earth Magic    | 1 2 3 4 |  4.3
Poison Magic   | 1 2 3 4 |  4.3
Dodging        | 3 4 5 |  5.9
Shields        | 3 4 5 |  5.9
Stealth        | 3 4 5 |  5.8
Fighting       | 5 6 7 |  7.0
Unarmed Combat | 5 6 7 |  7.0

Action                   |  1- 3 |  4- 6 |  7- 9 | 10-12 || total
-------------------------+-------+-------+-------+-------++-------
Melee: Dagger            |    71 |     7 |       |       ||    78
       Punch             |     1 |     7 |     4 |     3 ||    15
       Bite              |     7 |     9 |    48 |    17 ||    81
       Spear             |       |    89 |   291 |       ||   380
       Dire flail        |       |       |   107 |       ||   107
       Battleaxe         |       |       |    19 |    90 ||   109
       Whip              |       |       |       |    27 ||    27
 Fire: Hunting sling     |    38 |    65 |    58 |       ||   161
       Shortbow          |       |       |    58 |    56 ||   114
Throw: Stone             |    19 |       |       |       ||    19
Invok: Bend Time         |       |       |       |     1 ||     1
       Temporal Distorti |       |       |       |     1 ||     1
Evoke: Wand              |       |       |     1 |       ||     1
  Use: Potion            |     2 |     2 |     5 |     5 ||    14
       Scroll            |     2 |       |       |       ||     2
 Stab: Sleeping          |     1 |       |       |       ||     1
       Distracted        |       |       |     2 |     2 ||     4
  Eat: Chunk             |     5 |     5 |    19 |     2 ||    31
Armor: Skin              |     5 |       |       |       ||     5
       Robe              |    14 |       |       |       ||    14
       Scale mail        |       |    20 |   106 |    44 ||   170
Dodge: Dodged            |    45 |    35 |   204 |    82 ||   366
